 Dungeon Crawl Stone Soup version 0.27-a0-695-gb4952372f7 (webtiles) character file.

Game seed: 10275660092194569390

119 DarkShadow the Shield-Bearer (level 4, -2/40 HPs)
             Began as a Minotaur Fighter on Mar 22, 2021.
             Slain by Jessica
             ... wielding a +0 dagger
              (5 damage)
             ... on level 2 of the Dungeon.
             The game lasted 00:08:25 (2673 turns).

DarkShadow the Shield-Bearer (Minotaur Fighter)     Turns: 2673, Time: 00:08:26

Health: -2/40      AC:  0    Str: 21    XL:     4   Next: 74%
Magic:  3/3        EV: 17    Int:  7    God:
Gold:   120        SH:  0    Dex: 15    Spells: 3/3 levels left

rFire    . . .     SeeInvis .   (weapon currently unavailable)
rCold    . . .     Faith    .   (shield currently unavailable)
rNeg     . . .     Spirit   .   (armour currently unavailable)
rPois    .         Reflect  .   (helmet currently unavailable)
rElec    .         Harm     .   (cloak currently unavailable)
rCorr    .         Rampage  .   (gloves currently unavailable)
Will     .....                  (boots currently unavailable)
Stlth    +.........             (no amulet)
HPRegen  0.13/turn              (ring currently unavailable)
MPRegen  0.08/turn              (ring currently unavailable)

@: bat-form, flying, very quick
A: fast, flying, no casting, tiny, (horns 2), (retaliatory headbutt), clever 1,
(fire resistance 1), (poison resistance), MP-powered wands
a: Stop Flying


You were on level 2 of the Dungeon.
You were a bat.
You visited 1 branch of the dungeon, and saw 3 of its levels.

You collected 120 gold pieces.

Inventory:

Hand Weapons
 a - a +0 war axe of electrocution (melded)
Armour
 b - a +0 scale mail
 c - a +0 kite shield (melded)
 i - a +0 plate armour (melded)
 j - a +0 pair of gloves (melded)
Wands
 q - a wand of acid (13)
Scrolls
 h - a scroll of holy word {unknown}
Potions
 d - a potion of might
 e - a potion of invisibility
 g - a potion of lignification {unknown}
 k - a potion of curing
 o - 2 potions of haste


   Skills:
 + Level 4.1 Fighting
 + Level 4.0 Axes
 + Level 4.4 Armour
 + Level 0.5 Dodging
 + Level 4.7 Shields


You had 3 spell levels left.
You didn't know any spells.
Your spell library was empty.

Dungeon Overview and Level Annotations

Branches:
Dungeon (3/15)

Altars:

Annotations:
D:2 Jessica


Innate Abilities, Weirdness & Mutations

You are a bat.
You are tiny and dextrous.
You move quickly.
You are flying.
Your equipment is almost entirely melded.
You are incapable of wielding weapons or throwing items.
You cannot cast spells.
((You have a pair of horns on your head.))
((You reflexively headbutt those who attack you in melee.))
Your mind is acute. (Int +2)
((Your flesh is heat resistant. (rF+)))
((Your system is resistant to poisons. (rPois)))
You expend magic power (3 MP) to strengthen your wands.


Message History

Jessica casts a spell.
Jessica blinks!
Jessica zaps a wand.
You turn into a bat.
Your +0 war axe of electrocution melds into your body.
Your +0 pair of gloves melds into your body.
Your +0 kite shield melds into your body.
Your +0 plate armour melds into your body.
Your +0 war axe of electrocution stops crackling.
Jessica zaps a wand.
You resist with some effort.
Jessica points at you and mumbles some strange words.
Pain shoots through your body!
You hit Jessica.
Jessica is lightly wounded.
Jessica hits you with a +0 dagger.
You hit Jessica.
Jessica is moderately wounded.
Jessica hits you with a +0 dagger.
Jessica zaps a wand.
You resist with some effort.
You hit Jessica but do no damage.
Jessica is moderately wounded.
Jessica gestures wildly while chanting.
Jessica blinks!
Jessica mumbles some strange words.
Jessica blinks!
Jessica zaps a wand.
Jessica points at you and mumbles some strange words.
Pain shoots through your body!
Jessica zaps a wand.
You barely miss Jessica.
Jessica is moderately wounded.
Jessica points at you and mumbles some strange words.
Pain shoots through your body!
* * * LOW HITPOINT WARNING * * *
You hit Jessica.
Jessica is moderately wounded.
Jessica completely misses you.
You hit Jessica but do no damage.
Jessica is moderately wounded.
Jessica zaps a wand.
Jessica hits you with a +0 dagger.
You die...

...................>.#
##..####....#######.##
#..# ###### #....#
#.># #.#### ##.# #.#
#.# #.# #.# #.# #.#
#.# #.# #b# ###.# #@#
....############.#
.................#
##################


You could see Jessica (fast).

Vanquished Creatures
  3 gnolls (D:3)
  2 adders (D:2)
  An ooze (D:2)
  A dart slug (D:1)
  4 leopard geckos
  An orc (D:3)
  6 giant cockroaches
  9 goblins
  7 hobgoblins
  A jackal (D:2)
  A quokka (D:2)
  7 bats
  3 frilled lizards (D:2)
  6 kobolds
  10 rats
62 creatures vanquished.

Notes
Turn   | Place    | Note
-------+----------+-------------------------------------------
     0 | D:1      | DarkShadow the Minotaur Fighter began the quest for the
                  | Orb.
     0 | D:1      | Reached XP level 1. HP: 19/19 MP: 0/0
   207 | D:1      | Reached XP level 2. HP: 22/27 MP: 1/1
   996 | D:1      | Reached XP level 3. HP: 33/33 MP: 2/2
  1685 | D:2      | Found a faded altar of an unknown god.
  1881 | D:2      | Reached XP level 4. HP: 36/40 MP: 3/3
  2023 | D:2      | Gained mutation: Your system is resistant to poisons.
                  | (rPois) [potion of mutation]
  2023 | D:2      | Gained mutation: You expend magic power (3 MP) to
                  | strengthen your wands. [potion of mutation]
  2023 | D:2      | Gained mutation: Your flesh is heat resistant. (rF+)
                  | [potion of mutation]
  2023 | D:2      | Gained mutation: Your mind is acute. (Int +2) [potion of
                  | mutation]
  2627 | D:3      | Noticed Jessica
  2673 | D:2      | Slain by Jessica

Illustrated notes

Levels and vault maps discovered:
D:1:      onia_arrival_pentagram, layout_basic
D:2:      minmay_razor_zed, layout_basic, chequers_ecumenical_altar_simple,
          minmay_tetromino_i2
D:3:      layout_rooms, uniq_jessica

Skill      XL: |  1  2  3  4 |
---------------+-------------+-----
Fighting       | 4 |  4.1
Shields        | 4 |  4.7
Armour         | 4 |  4.4
Axes           | 3 4 |  4.0
Dodging        | |  0.5

Action                   |  1- 3 |  4- 6 || total
-------------------------+-------+-------++-------
Melee: War axe           |    93 |    33 ||   126
       Headbutt          |    16 |     6 ||    22
       Unarmed           |       |    14 ||    14
  Use: Scroll            |       |    10 ||    10
       Potion            |       |     2 ||     2
Armor: Scale mail        |    15 |       ||    15
       Plate armour      |    72 |    19 ||    91
Dodge: Dodged            |    29 |     8 ||    37
Block: Kite shield       |    66 |    22 ||    88

Table legend: (Time is in decaauts)
 A = Elapsed time spent in this place.
 B = Non-inter-level travel time spent in this place.
 C = Inter-level travel time spent in this place.
 D = Time resting spent in this place.
 E = Time spent auto-exploring this place.
 F = Levels seen in this place.
 G = Mean time per level.
                   A        B        C        D        E       F      G
               +--------+--------+--------+--------+--------+-----+--------+
         Total |   2736 |   2736 |      0 |    276 |   1468 |   3 |  912.0 |
       Dungeon |   2736 |   2736 |      0 |    276 |   1468 |   3 |  912.0 |
               +--------+--------+--------+--------+--------+-----+--------+

Top non-repeatable levels by time:
     D:1: 1089 daAuts
     D:2: 1050 daAuts
     D:3: 597 daAuts
